 Seeded DCSS version 0.29.1-debian-1-gc3f1650bb9 (webtiles) character file.

Game seed: 5681690248256587365 (custom seed)

46 NinjaNoafa the Chiller (level 3, 0/26 HPs)
             Began as a Draconian Ice Elementalist on Sept 12, 2022.
             Succumbed to their own poison gas
             ... on level 2 of the Dungeon.
             The game lasted 00:04:50 (1892 turns).

NinjaNoafa the Chiller (Draconian Ice Elementalist) Turns: 1892, Time: 00:04:50

Health: 0/26       AC:  5    Str: 10    XL:     3   Next: 46%
Magic:  7/7        EV: 12    Int: 17    God:
Gold:   129        SH:  0    Dex: 11    Spells: 6/7 levels left

rFire   . . .      SeeInvis .   c - +0 dagger
rCold   + . .      Faith    .   (no shield)
rNeg    . . .      Spirit   .   (body armour unavailable)
rPois   .          Reflect  .   (helmet restricted)
rElec   .          Harm     .   (no cloak)
rCorr   .          Rampage  .   (no gloves)
Will    .....                   (no boots)
Stlth   ++........              (no amulet)
HPRegen 0.08/turn               j - ring of protection from cold
MPRegen 0.10/turn               h - ring of flight

@: lethally poisoned (0 -> -16), flying
A: AC +5, unfitting armour, cold-blooded
a: no special abilities


You were on level 2 of the Dungeon.
You visited 1 branch of the dungeon, and saw 2 of its levels.

You collected 129 gold pieces.

Inventory:

Hand Weapons
 c - a +0 dagger (weapon)
Missiles
 f - 15 stones
 k - 6 boomerangs
Jewellery
 h - a ring of flight (right hand)
 j - a ring of protection from cold (left hand)
Scrolls
 l - a scroll of identify
Potions
 a - a potion of magic
 i - a potion of lignification


   Skills:
 - Level 1.7 Dodging
 - Level 1.7 Stealth
 + Level 2.9 Spellcasting
 + Level 4.6 Ice Magic


You had 6 spell levels left.
You knew the following spells:

 Your Spells              Type           Power      Damage    Failure   Level
a - Freeze                Ice            72%        1d9       2%          1

Your spell library contained the following spells:

 Spells                   Type           Power      Damage    Failure   Level
 Frozen Ramparts          Ice            36%        1d6       8%          3
 Ozocubu's Armour         Ice            18%        N/A       8%          3
 Hailstorm                Conj/Ice       10%        3d5       54%         4


Dungeon Overview and Level Annotations

Branches:
Dungeon (2/15)

Altars:

Shops:
D:2 [

Annotations:
D:2 Robin


Innate Abilities, Weirdness & Mutations

Your plain brown scales are hard. (AC +5)
You cannot fit into any form of body armour.
You are cold-blooded and may be slowed by cold attacks.


Message History

The goblin shoots a sling bullet.
The sling bullet barely misses you.
The goblin hits you but does no damage. x2
The goblin attacks as you move away! The goblin barely misses you.
The goblin hits you but does no damage.
Robin roars a battlecry!
The goblins go into a battle-frenzy!
There is an open door here.
The goblin attacks as you move away! The goblin hits you with a +0 dagger.
Okay, then.
As you read the scroll labelled GAQOISH ULOOHU, it crumbles to dust.
It is a scroll of enchant armour.
You aren't carrying any armour which can be enchanted further.
The goblin hits you but does no damage.
As you read the scroll labelled TOOTEIB YNEEDA, it crumbles to dust.
You hear a loud clanging noise!
It was a scroll of noise.
The goblin closely misses you.
The air fills with toxic fumes!
As you read the scroll labelled LAHI TETUROY, it crumbles to dust.
It was a scroll of poison.
The goblin hits you with a +0 dagger.
As you read the scroll labelled QESTENYKU QEFI, it crumbles to dust.
It is a scroll of identify.
e - a potion of curing The goblin closely misses you.
As you read the scroll of identify, it crumbles to dust.
i - a potion of lignification The goblin hits you but does no damage.
Okay, then.
Okay, then.
Okay, then.
Unknown command.
Really fly into that cloud of poison gas?
The goblin attacks as you move away! The goblin barely misses you.
You are engulfed in poison gas.
You are lethally poisoned!
* * * LOW HITPOINT WARNING * * *
x2 You feel very sick.
You feel better.
You are engulfed in poison gas.
You are lethally poisoned!
* * * LOW HITPOINT WARNING * * *
You die...

.# +............. .#
#§§§.g..?..... .#
#ggg.......... .#
#ggg.ggg...... .#
##g###....!... .# #J#
#........ .# #g# #........
.# #g# ######### ## #@#
#.....#
################§####.###.#
....)..........§§§.....##.#
...........#####§####..##.#
...........+...§§§..#..##.#
...........#####§##.#..##.#
...........#####§##.#..##.#
....................#..##.#
.##########.####.####..##.#


You could see an endoplasm, 2 hobgoblins and 7 goblins.

Vanquished Creatures
  3 dart slugs
  2 bats
  An endoplasm (D:1)
  3 goblins
  5 hobgoblins
  4 jackals (D:1)
  4 kobolds
  A quokka (D:2)
  5 ball pythons
  4 frilled lizards
  7 rats
39 creatures vanquished.

Notes
Turn   | Place    | Note
-------+----------+-------------------------------------------
     0 | D:1      | NinjaNoafa the Draconian Ice Elementalist began the quest
                  | for the Orb.
     0 | D:1      | Reached XP level 1. HP: 14/14 MP: 3/3
   178 | D:1      | Reached XP level 2. HP: 18/20 MP: 0/5
   860 | D:1      | Reached XP level 3. HP: 25/26 MP: 4/7
   914 | D:1      | Found a faded altar of an unknown god.
  1568 | D:2      | Found Rufy's Antique Armour Boutique.
  1873 | D:2      | Noticed Robin
  1892 | D:2      | Succumbed to their own poison gas

Illustrated notes

Levels and vault maps discovered:
D:1:      matt_arrival_grand_opening, layout_basic,
          dreamdust_ecumenical_altar_hidden_monk_grotto
D:2:      layout_basic, serial_shops, nicolae_lakefront_shop, uniq_robin

Action                   || total
-------------------------++-------
Melee: Unarmed           ||     8
       Tailslap          ||     4
       Dagger            ||    20
 Cast: Freeze            ||    46
  Use: Scroll            ||     5
       Potion            ||     1
Armor: Skin              ||    27
Dodge: Dodged            ||    55
